 Dungeon Crawl Stone Soup version 0.30.1-9-gdf580d7c3d (webtiles) character file.

Game seed: 15294638912207363162

163 KittyFluff the Cudgeller (level 5, -4/33 HPs)
             Began as a Gargoyle Berserker on Oct 18, 2023.
             Was a Priest of Trog.
             Slain by a gnoll sergeant
             ... wielding a +2 trident of distortion
              (9 damage)
             ... on level 4 of the Dungeon.
             The game lasted 00:11:09 (2540 turns).

KittyFluff the Cudgeller (Gargoyle Berserker)       Turns: 2540, Time: 00:11:09

Health: -4/33      AC: 10    Str: 28    XL:     5   Next: 44%
Magic:  5/5        EV: 11    Int: 11    God:    Trog [***...]
Gold:   138        SH:  0    Dex:  9    Spells: 4/4 levels left

rFire   . . .        a - +0 mace
rCold   . . .        (no shield)
rNeg    + . .        n - +0 leather armour
rPois   ∞            p - +1 helmet {Int+3}
rElec   +            (no cloak)
rCorr   .            (no gloves)
SInv    .            r - +0 pair of boots
Will    .....        h - amulet of the acrobat
Stlth   +            f - +6 ring of strength
HPRegen 0.25/turn    (no ring)
MPRegen 0.09/turn

%: acrobat
@: weak-willed
A: sickness immunity, AC +4, negative energy resistance 1, electricity
resistance, torment resistance 1, petrification resistance
a: Renounce Religion, Berserk, Trog's Hand


You were on level 4 of the Dungeon.
You worshipped Trog.
Trog was most pleased with you.
You visited 1 branch of the dungeon, and saw 4 of its levels.

You collected 183 gold pieces.
You spent 45 gold pieces at shops.

Inventory:

Hand Weapons
 a - a +0 mace (weapon)
 c - a +0 shortbow
 B - a +0 hand crossbow
Missiles
 e - 5 javelins (quivered)
 v - a throwing net
Armour
 n - a +0 leather armour (worn)
 p - a +1 helmet of intelligence (worn)
 r - a +0 pair of boots (worn)
Jewellery
 f - a +6 ring of strength (left hand)
 h - an amulet of the acrobat (around neck)
 m - a ring of fire
Scrolls
 d - 3 scrolls of identify
 i - a scroll of vulnerability
 k - a scroll of noise {unknown}
 s - a scroll of enchant weapon {unknown}
 t - a scroll of teleportation {unknown}
 u - a scroll of fear {unknown}
 w - a scroll of acquirement {unknown}
 y - a scroll of immolation {unknown}
Potions
 b - a potion of invisibility {unknown}
 g - 3 potions of flight
 j - 2 potions of attraction {unknown}
 l - a potion of cancellation {unknown}
 o - 2 potions of curing {unknown}
 q - a potion of experience {unknown}
 x - a potion of heal wounds {unknown}
 z - a potion of haste {unknown}
 A - a potion of resistance {unknown}


   Skills:
 + Level 4.0 Fighting
 * Level 4.2 Maces & Flails
 * Level 3.9 Armour
 + Level 2.2 Dodging


You had 4 spell levels left.
You didn't know any spells.
Your spell library was empty.

Dungeon Overview and Level Annotations

Branches:
Dungeon (4/15)
 Temple: D:4-7

Altars:
Dithmenos
Elyvilon
Gozag
Wu Jian

Shops:
D:3 (


Innate Abilities, Weirdness & Mutations

You are immune to sickness and miasma.
Your stone body is resilient. (AC +4)
You are immune to poison.
You resist negative energy. (rN+)
You are resistant to electric shocks. (rElec)
You are resistant to unholy torment.
You are immune to petrification.


Message History

The goblin closely misses you.
You sock the goblin!
You kill the goblin!
Trog accepts your kill.
Things that are here:
a +0 club; a goblin corpse
Found a stone staircase leading up.
Things that are here:
a +0 club; a goblin corpse
Found a fuming ruby potion.
b - a fuming ruby potion You open the door.
A gnoll sergeant and 4 gnolls come into view.
The gnoll sergeant is wielding a +2 trident of distortion.
The gnoll sergeant shouts!
The gnoll shouts!
The gnoll hits you but does no damage.
Found a smoky white potion.
The gnoll completely misses you. The gnoll hits you with a +0 spear!
The gnoll sergeant closely misses you.
You barely miss the gnoll. The gnoll hits you but does no damage.
The gnoll sergeant hits you from afar with a +2 trident of distortion.
You blink.
You hit the gnoll sergeant.
The gnoll sergeant is lightly wounded.
The gnoll hits you from afar with a +0 spear.
The gnoll sergeant hits you with a +2 trident of distortion.
You blink.
The gnoll misses you. The gnoll hits you with a +0 flail!
As you read the scroll labelled ZEENEZE OTSE, it crumbles to dust.
It is a scroll of identify.
g - 3 potions of flight The gnoll sergeant hits you from afar with a +2 trident of distortion.
The gnoll hits you with a +0 flail.
* * * LOW HITPOINT WARNING * * *
The gnoll hits you but does no damage.
Okay, then.
As you read the scroll labelled CAUTRO ZOFAEM, it crumbles to dust.
Magic quickly surges around you.
It was a scroll of vulnerability.
The gnoll closely misses you.
The gnoll sergeant hits you from afar with a +2 trident of distortion!
You die...

##### #.≈≈#@g.#
#.≈≈#gg§# #.≈≈#gg.#
##.≈###'## #
#..≈##≈.≈##≈.#
#..≈≈≈≈.≈≈≈≈.#
###########..###..####.#
..<..............##
#####........###.#


You could see a gnoll sergeant (weak-willed) and 4 gnolls.

Vanquished Creatures
  Robin (D:3)
  4 gnolls (D:3)
  5 adders
  2 endoplasms (D:3)
  A giant cockroach (D:1)
  9 goblins
  11 hobgoblins
  2 jackals (D:2)
  5 kobolds
  5 quokkas
  10 ball pythons
  2 bats (D:1)
  3 frilled lizards
  5 rats
65 creatures vanquished.

Notes
Turn   | Place    | Note
-------+----------+-------------------------------------------
     0 | D:1      | KittyFluff the Gargoyle Berserker began the quest for the
                  | Orb.
     0 | D:1      | Reached XP level 1. HP: 14/14 MP: 1/1
   180 | D:1      | Reached XP level 2. HP: 19/19 MP: 2/2
   821 | D:2      | Reached XP level 3. HP: 23/23 MP: 3/3
   840 | D:2      | Reached ** piety under Trog
  1260 | D:3      | Noticed Robin
  1275 | D:2      | Reached XP level 4. HP: 24/29 MP: 4/4
  1510 | D:3      | Killed Robin
  1565 | D:3      | Found a shadowy altar of Dithmenos.
  1573 | D:3      | Found an opulent altar of Gozag.
  1709 | D:3      | Found an ornate altar of the Wu Jian Council.
  1840 | D:3      | Found a white marble altar of Elyvilon.
  1990 | D:3      | Reached XP level 5. HP: 29/33 MP: 5/5
  1993 | D:3      | Reached *** piety under Trog
  2331 | D:3      | Found Piekhep's Weapon Emporium.
  2396 | D:3      | Bought a +0 hand crossbow for 45 gold pieces
  2540 | D:4      | Slain by a gnoll sergeant

Illustrated notes

Levels and vault maps discovered:
D:1:      minmay_arrival_shoal_huts, layout_basic
D:2:      layout_rooms
D:3:      layout_basic, mainiacjoe_overflow_paths, nicolae_elyvilon_temple_path,
          chequers_temple_overflow_statue_of_worship, serial_shops,
          nicolae_shop_bloodbath_and_beyond, small_statue_intersection,
          uniq_robin
D:4:      kennysheep_goblin_castle, layout_loops_ring,
          hellmonk_ghost_happy_afterlife, st_stairs_1, hangedman_decor_points,
          lightli_minifort, uniq_eustachio, uniq_natasha

Skill      XL: |  1  2  3  4  5 |
---------------+----------------+-----
Armour         | 3 |  3.9
Dodging        | 2 |  2.2
Maces & Flails | 4 |  4.2
Fighting       | 4 |  4.0

Action                     |  1- 3 |  4- 6 || total
---------------------------+-------+-------++-------
  Melee: Mace              |    96 |   120 ||   216
         Punch             |     2 |     3 ||     5
   Fire: Hand crossbow     |       |     3 ||     3
 Invoke: Berserk           |       |     3 ||     3
    Use: Scroll            |       |     2 ||     2
 Armour: Animal skin       |    31 |       ||    31
         Leather armour    |     5 |    74 ||    79
  Dodge: Dodged            |    78 |   110 ||   188
